 Dungeon Crawl Stone Soup version 0.23.2-40-g277498a001 (webtiles) character file.

Game seed: 7859757759786315755

298 Exodus22XD the Magician (level 6, 0/32 HPs)
             Began as a Deep Elf Wizard on Aug 30, 2019.
             Killed from afar by an orc wizard (5 damage)
             ... with a magic dart
             ... on level 4 of the Dungeon.
             The game lasted 00:12:14 (3302 turns).

Exodus22XD the Magician (Deep Elf Wizard)           Turns: 3302, Time: 00:12:14

Health: 0/32       AC:  9    Str:  4    XL:     6   Next: 13%
Magic:  3/14       EV: 13    Int: 28    God:
Gold:   234        SH:  0    Dex: 13    Spells: 2/13 levels left

rFire    . . .     SeeInvis .   l - +3 quarterstaff (chaos)
rCold    + . .     Gourm    .   (shield currently unavailable)
rNeg     . . .     Faith    .   a - +0 robe
rPois    .         Spirit   .   c - +2 helmet {Int+3}
rElec    .         Reflect  .   m - +2 cloak
rCorr    .         Harm     .   o - +0 pair of gloves
MR       .....                  (no boots)
Stlth    +.........             (no amulet)
HPRegen  0.10/turn              e - ring of protection from cold
MPRegen  0.14/turn              (no ring)

@: confused
A: no striking features
a: no special abilities


You were on level 4 of the Dungeon.
You were not hungry.

You visited 1 branch of the dungeon, and saw 4 of its levels.

You collected 234 gold pieces.

Inventory:

Hand Weapons
 l - a +3 quarterstaff of chaos (weapon)
Armour
 a - a +0 robe (worn)
 c - a +2 helmet of intelligence (worn)
 m - a +2 cloak (worn)
 o - a +0 pair of gloves (worn)
Jewellery
 e - a ring of protection from cold (left hand)
 t - a cursed -3 ring of dexterity {unknown}
Scrolls
 f - 2 scrolls of immolation {unknown}
 h - 4 scrolls of identify {unknown}
 i - 2 scrolls of amnesia {unknown}
 j - a scroll of enchant weapon {unknown}
 p - a scroll of fear {unknown}
Potions
 b - 2 potions of magic {unknown}
 g - a potion of flight {unknown}
 k - 2 potions of haste {unknown}
 n - 4 potions of heal wounds {unknown}
 q - 2 potions of agility {unknown}
 r - 2 potions of curing {unknown}
Comestibles
 d - 7 rations
 s - 4 chunks of flesh


   Skills:
 - Level 2.4 Dodging
 - Level 2.4 Stealth
 - Level 4.4 Spellcasting
 * Level 4.2 Conjurations
 - Level 3.4 Summonings
 - Level 1.1 Translocations
 - Level 3.2 Fire Magic
 - Level 2.0 Poison Magic


You had 2 spell levels left.
You knew the following spells:

 Your Spells              Type           Power        Failure   Level  Hunger
a - Magic Dart            Conj           ####         1%          1    None
b - Call Imp              Summ           ####....     2%          2    None
c - Blink                 Tloc           N/A          7%          2    None
d - Conjure Flame         Conj/Fire      ####....     4%          3    ##.....
e - Mephitic Cloud        Conj/Pois/Air  ###.....     10%         3    ##.....

Your spell library contained the following spells:

 Spells                   Type           Power        Failure   Level  Hunger
 Slow                     Hex            #.......     11%         2    None


Dungeon Overview and Level Annotations

Branches:
Dungeon (4/15)
 Temple: D:4-7

Altars:
Nemelex Xobeh

Annotations:
D:3 3 runed translucent doors, Jabberih's ghost, amateur MfIE


Message History

The orc wizard is heavily wounded.
The orc wizard misses you.
You hit the orc wizard. You burn the orc wizard.
The orc wizard is almost dead.
The orc wizard seems less confused.
The orc wizard casts a spell at you.
You are confused.
The orc wizard barely misses you.
You barely miss the orc wizard.
The orc wizard is almost dead.
The orc wizard gestures at you while chanting.
The puff of flame hits you.
You are engulfed in blazing flames.
Ouch! That really hurt!
* * * LOW HITPOINT WARNING * * *
The orc seems less confused.
The orc wizard barely misses you. The orc misses you.
The orc wizard closely misses you.
The orc wizard points at you and mumbles some strange words.
The magic dart hits you.
You die...

.# #†..........#
.# ##...........#
.####............#
.................#
.................#
#..############..#
##.. #..# #..[
###°o### #....
#..o@o.# #.....
#...........
......#
#.....).....
#...........
#...........
#......#####
#......# ########


You could see 2 orc wizards and an orc.

Vanquished Creatures
  A bullfrog zombie (D:4)
  Crazy Yiuf (D:2)
  Natasha (thrice) (D:2)
  Robin (D:2)
  5 adders
  A dart slug (D:3)
  2 leopard geckos
  6 orcs
  A giant cockroach (D:1)
  17 goblins
  5 hobgoblins
  9 jackals
  A ball python (D:3)
  9 bats
  4 frilled lizards
  A jackal skeleton (D:4)
  3 kobolds (D:1)
  10 rats
80 creatures vanquished.

Vanquished Creatures (collateral kills)
  Terence (D:2)
1 creature vanquished.

Grand Total: 81 creatures vanquished

Notes
Turn   | Place    | Note
-------+----------+-------------------------------------------
     0 | D:1      | Exodus22XD the Deep Elf Wizard began the quest for the Orb.
     0 | D:1      | Reached XP level 1. HP: 10/10 MP: 7/7
   176 | D:1      | Reached XP level 2. HP: 15/15 MP: 6/9
   183 | D:1      | Learned a level 2 spell: Call Imp
   186 | D:1      | Learned a level 2 spell: Blink
   780 | D:1      | Reached XP level 3. HP: 19/19 MP: 3/10
  1068 | D:2      | Noticed Robin
  1343 | D:2      | Killed Robin
  1472 | D:2      | Noticed Terence
  1478 | D:2      | Learned a level 3 spell: Conjure Flame
  1514 | D:2      | Killed Terence
  1514 | D:2      | Reached skill level 1 in Fire Magic
  1514 | D:2      | Reached XP level 4. HP: 18/24 MP: 1/12
  1699 | D:2      | Noticed Natasha
  1705 | D:2      | Killed Natasha
  2036 | D:2      | Noticed Natasha
  2041 | D:2      | Killed Natasha
  2041 | D:2      | Reached XP level 5. HP: 28/28 MP: 7/13
  2077 | D:2      | Found a runed translucent door.
  2078 | D:2      | Noticed Crazy Yiuf
  2084 | D:2      | Learned a level 3 spell: Mephitic Cloud
  2097 | D:2      | Killed Crazy Yiuf
  2250 | D:2      | Noticed Natasha
  2256 | D:2      | Killed Natasha
  2380 | D:3      | Found a sparkling altar of Nemelex Xobeh.
  2611 | D:3      | Found a runed translucent gate.
  2615 | D:3      | Found a runed translucent gate.
  2615 | D:3      | Noticed Jabberih's ghost (amateur MfIE)
  2616 | D:3      | Found a runed translucent gate.
  3055 | D:4      | Reached skill level 1 in Poison Magic
  3064 | D:4      | Reached XP level 6. HP: 24/32 MP: 1/14
  3302 | D:4      | Killed from afar by an orc wizard

Skill      XL: |  1  2  3  4  5  6 |
---------------+-------------------+-----
Conjurations   | 2 3 4 |  4.2
Fire Magic     | 1 3 |  3.2
Summonings     | 3 |  3.4
Poison Magic   | 1 2 |  2.0
Dodging        | |  2.4
Stealth        | |  2.4
Spellcasting   | |  4.4
Translocations | |  1.1

Action                   |  1- 3 |  4- 6 || total
-------------------------+-------+-------++-------
Melee: Quarterstaff      |       |     7 ||     7
 Cast: Magic Dart        |    92 |    87 ||   179
       Conjure Flame     |     1 |     3 ||     4
       Call Imp          |     1 |     1 ||     2
       Mephitic Cloud    |       |     2 ||     2
  Eat: Chunk             |     1 |     6 ||     7
Armor: Robe              |     6 |     6 ||    12
Dodge: Dodged            |    17 |    22 ||    39
